 Dungeon Crawl Stone Soup version 0.28-a0-1152-g9c71ebef14 (webtiles) character file.

Game seed: 16045026408985649319

83 Gwenloh the Conjurer (level 4, -3/33 HPs)
             Began as a Demigod Conjurer on Dec 14, 2021.
             Slain by a bullfrog (4 damage)
             ... on level 4 of the Dungeon.
             The game lasted 00:13:15 (2646 turns).

Gwenloh the Conjurer (Demigod Conjurer)             Turns: 2646, Time: 00:13:15

Health: -3/33      AC:  2    Str:  8    XL:     4   Next: 2%
Magic:  2/10       EV: 12    Int: 24    God:
Gold:   123        SH:  0    Dex: 12    Spells: 2/8 levels left

rFire   . . .      SeeInvis .   d - +1 dagger (vamp)
rCold   . . .      Faith    .   (no shield)
rNeg    . . .      Spirit   .   a - +0 robe
rPois   .          Reflect  .   (no helmet)
rElec   .          Harm     .   (no cloak)
rCorr   .          Rampage  .   (no gloves)
Will    .....                   (no boots)
Stlth   ++........              (no amulet)
HPRegen 0.11/turn               (no ring)
MPRegen 0.12/turn               (no ring)

@: no status effects
A: high mp 1, forlorn, divine attributes
a: no special abilities


You were on level 4 of the Dungeon.
You visited 1 branch of the dungeon, and saw 4 of its levels.

You collected 123 gold pieces.

Inventory:

Hand Weapons
 d - a +1 vampiric dagger (weapon)
Armour
 a - a +0 robe (worn)
Magical Staves
 l - a staff of fire
Scrolls
 b - a scroll of silence {unknown}
 c - a scroll of teleportation {unknown}
 e - a scroll of brand weapon {unknown}
 g - a scroll of summoning {unknown}
 k - 3 scrolls of identify {unknown}
 m - a scroll of vulnerability {unknown}
 n - a scroll of magic mapping
 o - a scroll of torment {unknown}
Potions
 f - a potion of flight {unknown}
 h - a potion of might {unknown}
 i - 2 potions of berserk rage {unknown}
 j - a potion of lignification {unknown}
 p - a potion of attraction {unknown}
 q - a potion of heal wounds {unknown}


   Skills:
 - Level 1.7 Dodging
 - Level 1.7 Stealth
 + Level 2.5 Spellcasting
 * Level 4.8 Conjurations


You had 2 spell levels left.
You knew the following spells:

 Your Spells              Type           Power      Damage    Failure   Level
a - Magic Dart            Conj           100%       1d8       1%          1
b - Searing Ray           Conj           52%        2d6       2%          2
c - Dazzling Flash        Conj/Hex       28%        N/A       13%         3

Your spell library contained the following spells:

 Spells                   Type           Power      Damage    Failure   Level
 Fulminant Prism          Conj/Hex       7%         3d7       38%         4
 Iskenderun's Mystic Bla  Conj/Tloc      14%        2d5       38%         4


Dungeon Overview and Level Annotations

Branches:
Dungeon (4/15)
 Temple: D:4-7

Shops:
D:2 !

Annotations:
D:4 Edmund; Ijyb; ThreePoint314's ghost, amateur KoBr


Innate Abilities, Weirdness & Mutations

You have an increased reservoir of magic. (+10% MP)
You shall have no god before yourself.
Your divine heritage dramatically boosts your attributes as you level up.


Message History

Aiming: Searing Ray (safe; 2% risk of failure)
Press: ? - help, Shift-Dir - straight line, f - bullfrog
Aim: a bullfrog (74% to hit)
The searing ray misses the bullfrog.
The searing ray hits ThreePoint314's ghost.
ThreePoint314's ghost is lightly damaged.
The searing ray hits the river rat.
The river rat is heavily wounded. (Press . to maintain the ray.)
The bullfrog hits you.
The searing ray misses the bullfrog.
The searing ray hits ThreePoint314's ghost.
ThreePoint314's ghost is moderately damaged.
The searing ray hits the rat!
You kill the rat!
The bullfrog hits you! The bullfrog hits you.
The searing ray misses the bullfrog.
The searing ray hits ThreePoint314's ghost!
ThreePoint314's ghost is severely damaged.
The bullfrog misses you.
The searing ray hits the bullfrog!
The bullfrog is moderately wounded.
The searing ray hits ThreePoint314's ghost.
ThreePoint314's ghost is severely damaged.
You finish channelling your searing ray.
The bullfrog hits you. The bullfrog barely misses you.
The river rat twitches its whiskers.
Found a smouldering dagger.
The bullfrog hits you.
* * * LOW HITPOINT WARNING * * *
The bullfrog hits you.
* * * LOW HITPOINT WARNING * * *
Casting: Searing Ray (safe; 2% risk of failure)
Confirm with . or Enter, or press ? or * to list all spells.
The spell is quite dangerous to miscast (13% risk of failure)!
Continue anyway? [Y]es or [N]o only, please.
The spell is quite dangerous to miscast (13% risk of failure)!
Continue anyway?
Casting: Dazzling Flash (quite dangerous; 13% risk of failure)
Press: ? - help, Dir - look around, f - activate The bullfrog hits you.
You die...

)#.#.#.#.#.#.#.#.#.#o##
#.#.#.#.#.#.#.#.#.#.#.#
.#.#.#.#.#.#.#(#.#.#.##
#.#.#K#.#.#.#.#.#.#.#.#
+#.#.###########.#.#.#
#.#.. ≈≈≈≈≈≈#..#.# .#..
≈(≈≈≈≈W..)# ### #.#
≈≈≈≈≈r#F.#.#.. .#
#######@#.#.########
#.#.#.#........ #.#
#.#.#....... #.#
#.#.#..#####.## #.#
#.#.#@#....).... #.#
#.#.#.#...####.# #)#
#.#.#.#.#.<# .#
#.#.#.#.#.#.#
.#.#.#.#.#...


You could see Edmund (wandering), a bullfrog, ThreePoint314's ghost and a river
rat.

Vanquished Creatures
  Terence (D:3)
  2 adders (D:3)
  A dart slug (D:4)
  4 endoplasms
  2 giant cockroaches (D:1)
  5 goblins
  4 hobgoblins
  2 quokkas (D:3)
  2 ball pythons
  4 bats
  2 frilled lizards
  5 kobolds
  6 rats
  A spectral kobold (D:3)
41 creatures vanquished.

Vanquished Creatures (others)
  15 plants (D:1)
15 creatures vanquished.

Grand Total: 56 creatures vanquished

Notes
Turn   | Place    | Note
-------+----------+-------------------------------------------
     0 | D:1      | Gwenloh the Demigod Conjurer began the quest for the Orb.
     0 | D:1      | Reached XP level 1. HP: 14/14 MP: 5/5
   264 | D:1      | Reached XP level 2. HP: 20/20 MP: 4/7
   279 | D:1      | Reached skill level 4 in Conjurations
   388 | D:1      | Learned a level 2 spell: Searing Ray
   922 | D:2      | Found Emaipit's Distillery.
  1601 | D:3      | Reached XP level 3. HP: 26/26 MP: 1/9
  1852 | D:3      | Noticed Terence
  1955 | D:3      | Killed Terence
  2210 | D:3      | Learned a level 3 spell: Dazzling Flash
  2532 | D:4      | Reached XP level 4. HP: 33/33 MP: 6/10
  2573 | D:4      | Found a runed translucent door.
  2576 | D:4      | Noticed Edmund
  2633 | D:4      | Noticed Ijyb
  2635 | D:4      | Noticed ThreePoint314's ghost (amateur KoBr)
  2636 | D:4      | Noticed a bullfrog
  2645 | D:4      | HP: 1/33 [bullfrog (4)]
  2646 | D:4      | Slain by a bullfrog

Illustrated notes

Levels and vault maps discovered:
D:1:      dpeg_arrival_tiny_h, layout_basic, serial_bayou_lagoon_a
D:2:      layout_loops_ring, serial_shops, nicolae_shop_stone,
          nrook_mini_backslash, lemuel_old_faithful
D:3:      layout_basic, gammafunk_temple_overflow_claw,
          chequers_temple_overflow_statue_of_worship,
          dreamdust_ecumenical_altar_drowned_temple, uniq_terence
D:4:      layout_basic, tso_metal_star, ebering_ghost_sewer_f,
          cheibrodos_sewer_entry_drain, uniq_edmund, uniq_ijyb, uniq_robin

Skill      XL: |  1  2 |
---------------+-------+-----
Spellcasting   | 2 |  2.5
Conjurations   | 4 |  4.8
Dodging        | |  1.7
Stealth        | |  1.7

Action                   |  1- 3 |  4- 6 || total
-------------------------+-------+-------++-------
Melee: Unarmed           |    14 |       ||    14
       Dagger            |    10 |       ||    10
 Cast: Magic Dart        |    66 |     1 ||    67
       Searing Ray       |     9 |     1 ||    10
       Dazzling Flash    |       |     1 ||     1
  Use: Scroll            |     1 |       ||     1
Armor: Robe              |     5 |       ||     5
Dodge: Dodged            |    26 |     3 ||    29

Table legend: (Time is in decaauts)
 A = Elapsed time spent in this place.
 B = Non-inter-level travel time spent in this place.
 C = Inter-level travel time spent in this place.
 D = Time resting spent in this place.
 E = Time spent auto-exploring this place.
 F = Levels seen in this place.
 G = Mean time per level.
                   A        B        C        D        E       F      G
               +--------+--------+--------+--------+--------+-----+--------+
         Total |   2667 |   2559 |    108 |     25 |   2150 |   4 |  666.8 |
       Dungeon |   2667 |   2559 |    108 |     25 |   2150 |   4 |  666.8 |
               +--------+--------+--------+--------+--------+-----+--------+

Top non-repeatable levels by time:
     D:3: 1076 daAuts
     D:1: 848 daAuts
     D:2: 660 daAuts
     D:4: 82 daAuts
